3AAA
HIALEAH DODOS @ ELLENBURG FIGHTING DACHSUNDS
07/20/2029
 
TOP OF THE 1ST
Hialeah Dodos batting - Pitching for Ellenburg Fighting Dachsunds : RHP Danny Bystrom
Pitching: RHP Danny Bystrom
Batting: RHB Jorge Salgado 0-0: Called Strike
0-1: Ball
1-1: SINGLE (Groundball, 34D)
Batting: RHB Armando García 0-0: Ball
1-0: Ball
2-0: Called Strike
2-1: SINGLE (Groundball, 6D)
Jorge Salgado to second
Batting: LHB Scott Janousek 0-0: 3-RUN HOME RUN (Flyball, 89XD), Distance : 434 ft
Batting: LHB Raúl Aguirre 0-0: Ball
1-0: Called Strike
1-1: Ball
2-1: Ball
3-1: Base on Balls
Batting: RHB Aurelio Álvarez 0-0: Ball
1-0: Ball
2-0: Ball
3-0: Called Strike
3-1: Base on Balls
Raúl Aguirre to second
Batting: LHB Errol Levick 0-0: Ball
1-0: Ball
2-0: Ball
3-0: Base on Balls
Raúl Aguirre to third
Aurelio Álvarez to second
Batting: RHB Reg Spiers 0-0: Called Strike
0-1: Ball
1-1: Fielders Choice at 2nd, 3-6 (Groundball, 34)
Raúl Aguirre scores
Aurelio Álvarez to third
Batting: SHB Javier Gonzáles 0-0: Called Strike
0-1: Swinging Strike
0-2: Fly out, F4 (Popup, 34)
Batting: RHB Stephen McManus 0-0: Called Strike
0-1: Ball
1-1: Called Strike
1-2: Fielders Choice at 2nd, 6-4 (Groundball, 6)
Top of the 1st over - 4 runs, 3 hits, 0 errors, 2 left on base; Hialeah 4 - Ellenburg 0
BOTTOM OF THE 1ST
Ellenburg Fighting Dachsunds batting - Pitching for Hialeah Dodos : RHP Stanley Eldrige
Pitching: RHP Stanley Eldrige
Batting: LHB Vicente Castaneda 0-0: Called Strike
0-1: Foul Ball, location: 2F
0-2: Ball
1-2: Fly out, F6 (Popup, 6)
Batting: RHB Alan McLennan 0-0: Ground out U3 (Groundball, 3)
Batting: RHB Steve Koch 0-0: Called Strike
0-1: Called Strike
0-2: Ball
1-2: Ball
2-2: Strikes out swinging
Bottom of the 1st over - 0 runs, 0 hits, 0 errors, 0 left on base; Hialeah 4 - Ellenburg 0
TOP OF THE 2ND
Hialeah Dodos batting - Pitching for Ellenburg Fighting Dachsunds : RHP Danny Bystrom
Batting: RHB Jorge Salgado 0-0: Called Strike
0-1: Ball
1-1: Ball
2-1: Foul Ball, location: 2F
2-2: Foul Ball, location: 2F
2-2: Ball
3-2: Foul Ball, location: 2F
3-2: SINGLE (Groundball, 6MD)
Batting: RHB Armando García 0-0: Fly out, F7 (Line Drive, 7D)
Batting: LHB Scott Janousek 0-0: Called Strike
0-1: Foul Ball, location: 2F
0-2: Ball
1-2: Strikes out swinging
Batting: LHB Raúl Aguirre 0-0: Ball
1-0: Fly out, F8 (Line Drive, 89M)
Top of the 2nd over - 0 runs, 1 hit, 0 errors, 1 left on base; Hialeah 4 - Ellenburg 0
BOTTOM OF THE 2ND
Ellenburg Fighting Dachsunds batting - Pitching for Hialeah Dodos : RHP Stanley Eldrige
Batting: SHB Eugene Clutch 0-0: Ball
1-0: Called Strike
1-1: Ball
2-1: Ball
3-1: Ground out 5-3 (Groundball, 5)
Batting: RHB José Vázquez 0-0: Ball
1-0: Foul Ball, location: 2F
1-1: Ball
2-1: Ball
3-1: Fly out, F9 (Flyball, 9D)
Batting: RHB Gonzalo Sánchez 0-0: Called Strike
0-1: Ground out 6-3 (Groundball, 6)
Bottom of the 2nd over - 0 runs, 0 hits, 0 errors, 0 left on base; Hialeah 4 - Ellenburg 0
TOP OF THE 3RD
Hialeah Dodos batting - Pitching for Ellenburg Fighting Dachsunds : RHP Danny Bystrom
Batting: RHB Aurelio Álvarez 0-0: Ball
1-0: Fly out, F9 (Flyball, 9)
Batting: LHB Errol Levick 0-0: Ball
1-0: Called Strike
1-1: Swinging Strike
1-2: Ground out 5-3 (Groundball, 2L)
Batting: RHB Reg Spiers 0-0: Ball
1-0: Swinging Strike
1-1: Ball
2-1: Foul Ball, location: 2F
2-2: SINGLE (Groundball, 4MD) (infield hit)
Batting: SHB Javier Gonzáles 0-0: Ball
1-0: Reached on error, E6 (Groundball, 6)
Reg Spiers to second
Batting: RHB Stephen McManus 0-0: Called Strike
0-1: Ball
1-1: Foul Ball, location: 2F
1-2: Strikes out swinging
Top of the 3rd over - 0 runs, 1 hit, 1 error, 2 left on base; Hialeah 4 - Ellenburg 0
BOTTOM OF THE 3RD
Ellenburg Fighting Dachsunds batting - Pitching for Hialeah Dodos : RHP Stanley Eldrige
Batting: LHB Steve Ingram 0-0: Swinging Strike
0-1: Ball
1-1: Swinging Strike
1-2: Strikes out swinging
Batting: RHB Meka Knight 0-0: Ball
1-0: Foul Ball, location: 2F
1-1: Ground out 5-3 (Groundball, 56S)
Batting: RHB Marty Jennings 0-0: Ball
1-0: Ball
2-0: Swinging Strike
2-1: Called Strike
2-2: SOLO HOME RUN (Flyball, 78XD), Distance : 429 ft
Batting: LHB Vicente Castaneda 0-0: Ball
1-0: SINGLE (Groundball, 4D)
Batting: RHB Alan McLennan 0-0: Called Strike
0-1: Called Strike
0-2: Strikes out looking
Bottom of the 3rd over - 1 run, 2 hits, 0 errors, 1 left on base; Hialeah 4 - Ellenburg 1
TOP OF THE 4TH
Hialeah Dodos batting - Pitching for Ellenburg Fighting Dachsunds : RHP Danny Bystrom
Batting: RHB Jorge Salgado 0-0: Ground out 6-3 (Groundball, 56)
Batting: RHB Armando García 0-0: Foul Ball, location: 2F
0-1: Ball
1-1: Foul Ball, location: 2F
1-2: Ball
2-2: Ball
3-2: Strikes out looking
Batting: LHB Scott Janousek 0-0: Ball
1-0: Foul Ball, location: 2F
1-1: Foul Ball, location: 2F
1-2: Fly out, F9 (Flyball, 9S)
Top of the 4th over - 0 runs, 0 hits, 0 errors, 0 left on base; Hialeah 4 - Ellenburg 1
BOTTOM OF THE 4TH
Ellenburg Fighting Dachsunds batting - Pitching for Hialeah Dodos : RHP Stanley Eldrige
Batting: RHB Steve Koch 0-0: Ball
1-0: Ball
2-0: Fly out, F9 (Flyball, 9)
Batting: SHB Eugene Clutch 0-0: Ground out 4-3 (Groundball, 4S)
Batting: RHB José Vázquez 0-0: Fly out, F7 (Line Drive, 7)
Bottom of the 4th over - 0 runs, 0 hits, 0 errors, 0 left on base; Hialeah 4 - Ellenburg 1
TOP OF THE 5TH
Hialeah Dodos batting - Pitching for Ellenburg Fighting Dachsunds : RHP Danny Bystrom
Batting: LHB Raúl Aguirre 0-0: Ball
1-0: Ground out U3 (Groundball, 3S)
Batting: RHB Aurelio Álvarez 0-0: Ball
1-0: Called Strike
1-1: Foul Ball, location: 2F
1-2: Ball
2-2: Ground out 6-3 (Groundball, 6)
Batting: LHB Errol Levick 0-0: Ball
1-0: Ball
2-0: Ball
3-0: Called Strike
3-1: Called Strike
3-2: Fly out, F3 (Popup, 3)
Top of the 5th over - 0 runs, 0 hits, 0 errors, 0 left on base; Hialeah 4 - Ellenburg 1
BOTTOM OF THE 5TH
Ellenburg Fighting Dachsunds batting - Pitching for Hialeah Dodos : RHP Stanley Eldrige
Batting: RHB Gonzalo Sánchez 0-0: Called Strike
0-1: Foul Ball, location: 2F
0-2: Ball
1-2: DOUBLE (Line Drive, 8RD)
Batting: LHB Steve Ingram 0-0: Ball
1-0: Called Strike
1-1: Swinging Strike
1-2: Ball
2-2: Foul Ball, location: 2F
2-2: Ball
3-2: Foul Ball, location: 2F
3-2: Ground out 3-1 (Groundball, 34S)
Gonzalo Sánchez to third
Batting: RHB Meka Knight 0-0: Called Strike
0-1: Ground out 6-3 (Groundball, 6)
Gonzalo Sánchez scores
Batting: RHB Marty Jennings 0-0: Called Strike
0-1: SINGLE (Groundball, 5D)
Batting: LHB Vicente Castaneda 0-0: Fielders Choice at 2nd, 6-4 (Groundball, 56)
Bottom of the 5th over - 1 run, 2 hits, 0 errors, 1 left on base; Hialeah 4 - Ellenburg 2
TOP OF THE 6TH
Hialeah Dodos batting - Pitching for Ellenburg Fighting Dachsunds : RHP Danny Bystrom
Batting: RHB Reg Spiers 0-0: Called Strike
0-1: Swinging Strike
0-2: Foul Ball, location: 2F
0-2: Strikes out swinging
Batting: SHB Javier Gonzáles 0-0: Swinging Strike
0-1: Swinging Strike
0-2: Ball
1-2: Strikes out looking
Batting: RHB Stephen McManus 0-0: Called Strike
0-1: Called Strike
0-2: SINGLE (Flyball, 89M)
Batting: RHB Jorge Salgado 0-0: Ball
1-0: Called Strike
1-1: Ball
2-1: Foul Ball, location: 2F
2-2: Fly out, F4 (Line Drive, 4)
Top of the 6th over - 0 runs, 1 hit, 0 errors, 1 left on base; Hialeah 4 - Ellenburg 2
BOTTOM OF THE 6TH
Ellenburg Fighting Dachsunds batting - Pitching for Hialeah Dodos : RHP Stanley Eldrige
Batting: RHB Alan McLennan 0-0: Ground out 6-3 (Groundball, 6D)
Batting: RHB Steve Koch 0-0: Ground out U3 (Groundball, 34)
Batting: SHB Eugene Clutch 0-0: Foul Ball, location: 2F
0-1: Ground out 4-3 (Groundball, 4)
Bottom of the 6th over - 0 runs, 0 hits, 0 errors, 0 left on base; Hialeah 4 - Ellenburg 2
TOP OF THE 7TH
Hialeah Dodos batting - Pitching for Ellenburg Fighting Dachsunds : RHP Danny Bystrom
Batting: RHB Armando García 0-0: Foul Ball, location: 2F
0-1: Ball
1-1: Called Strike
1-2: Foul Ball, location: 2F
1-2: Ball
2-2: Ball
3-2: Strikes out looking
Batting: LHB Scott Janousek 0-0: Ball
1-0: Ball
2-0: Foul Ball, location: 2F
2-1: Foul Ball, location: 2F
2-2: Ball
3-2: SINGLE (Groundball, 4) (infield hit)
Pitching: LHP Vincent Bannon
Batting: LHB Raúl Aguirre 0-0: Ball
1-0: Ball
2-0: Ball
3-0: Called Strike
3-1: Called Strike
3-2: SINGLE (Line Drive, 9S)
Scott Janousek to second
Scott Janousek to third
Batting: RHB Aurelio Álvarez 0-0: Called Strike
0-1: Ball
1-1: Called Strike
1-2: Fly out, F5 (Popup, 5F)
Batting: LHB Errol Levick 0-0: Called Strike
0-1: Foul Ball, location: 2F
0-2: Strikes out swinging
Top of the 7th over - 0 runs, 2 hits, 0 errors, 2 left on base; Hialeah 4 - Ellenburg 2
BOTTOM OF THE 7TH
Ellenburg Fighting Dachsunds batting - Pitching for Hialeah Dodos : RHP Stanley Eldrige
Batting: RHB José Vázquez 0-0: Swinging Strike
0-1: Swinging Strike
0-2: Fly out, F8 (Flyball, 8LD)
Batting: RHB Gonzalo Sánchez 0-0: Called Strike
0-1: Called Strike
0-2: Ball
1-2: Fly out, F8 (Flyball, 8RXD)
Batting: LHB Steve Ingram 0-0: Ball
1-0: Called Strike
1-1: Ball
2-1: Called Strike
2-2: Foul Ball, location: 2F
2-2: Ground out U3 (Groundball, 3L)
Bottom of the 7th over - 0 runs, 0 hits, 0 errors, 0 left on base; Hialeah 4 - Ellenburg 2
TOP OF THE 8TH
Hialeah Dodos batting - Pitching for Ellenburg Fighting Dachsunds : LHP Vincent Bannon
Batting: RHB Reg Spiers 0-0: Ball
1-0: Swinging Strike
1-1: Called Strike
1-2: Foul Ball, location: 2F
1-2: Ground out 5-3 (Groundball, 5)
Batting: SHB Javier Gonzáles 0-0: Ball
1-0: Ball
2-0: Called Strike
2-1: Foul Ball, location: 2F
2-2: Ground out 4-3 (Groundball, 4)
Batting: RHB Stephen McManus 0-0: Called Strike
0-1: Ball
1-1: Foul Ball, location: 2F
1-2: Foul Ball, location: 2F
1-2: Strikes out swinging
Top of the 8th over - 0 runs, 0 hits, 0 errors, 0 left on base; Hialeah 4 - Ellenburg 2
BOTTOM OF THE 8TH
Ellenburg Fighting Dachsunds batting - Pitching for Hialeah Dodos : RHP Stanley Eldrige
Batting: RHB Meka Knight 0-0: Ball
1-0: Ball
2-0: Ball
3-0: Fly out, F8 (Flyball, 89M)
Batting: RHB Marty Jennings 0-0: Foul Ball, location: 2F
0-1: Ball
1-1: Called Strike
1-2: Strikes out looking
Batting: LHB Vicente Castaneda 0-0: Swinging Strike
0-1: Ground out 6-3 (Groundball, 6)
Bottom of the 8th over - 0 runs, 0 hits, 0 errors, 0 left on base; Hialeah 4 - Ellenburg 2
TOP OF THE 9TH
Hialeah Dodos batting - Pitching for Ellenburg Fighting Dachsunds : LHP Vincent Bannon
Pitching: LHP José Tovar
Batting: RHB Jorge Salgado 0-0: Called Strike
0-1: Swinging Strike
0-2: Ball
1-2: Ground out 6-3 (Groundball, 6)
Batting: RHB Armando García 0-0: Ball
1-0: Called Strike
1-1: Foul Ball, location: 2F
1-2: Foul Ball, location: 2F
1-2: Ball
2-2: Strikes out swinging
Batting: LHB Scott Janousek 0-0: Called Strike
0-1: SINGLE (Line Drive, 9S)
Batting: LHB Raúl Aguirre 0-0: Ball
1-0: Ground out U3 (Groundball, 3L)
Top of the 9th over - 0 runs, 1 hit, 0 errors, 1 left on base; Hialeah 4 - Ellenburg 2
BOTTOM OF THE 9TH
Ellenburg Fighting Dachsunds batting - Pitching for Hialeah Dodos : RHP Stanley Eldrige
Pitching: RHP Matt Harris
Batting: RHB Alan McLennan 0-0: Ball
1-0: Ball
2-0: SINGLE (Groundball, 6D)
Batting: RHB Steve Koch 0-0: Swinging Strike
0-1: Ball
1-1: Grounds into double play, 4-6-3 (Groundball, 4)
Batting: SHB Eugene Clutch 0-0: Ball
1-0: Fly out, F7 (Flyball, 7)
Bottom of the 9th over - 0 runs, 1 hit, 0 errors, 0 left on base; Hialeah 4 - Ellenburg 2
Tuesday, December 19th, 2017 - OOTP Baseball 18.8 Build 76